[Event "39th Olympiad Khanty-Mansiysk 2010"]
[Site "Khanty-Mansiysk/Russia"]
[Date "2010.09.21"]
[Round "1"]
[White "Hamrakulova, Yulduz"]
[Black "Al-Khelaifi, Aisha"]
[Result "0-1"]
[WhiteElo "2207"]
[BlackElo "1635"]
[PlyCount "75"]
[EventDate "2010.??.??"]
[WhiteTeam "Uzbekistan"]
[BlackTeam "Qatar"]
[WhiteTeamCountry "UZB"]
[BlackTeamCountry "QAT"]
[TimeControl "40/5400+30:1800+30"]

1. d4 d5 2. c4 c6 3. Nf3 Nf6 4. e3 a6 5. Bd3 e6 6. Nbd2 Be7 7. O-O O-O 8. b3
Re8 9. Bb2 Nbd7 10. Qe2 c5 11. e4 cxd4 12. e5 dxc4 13. bxc4 Nh5 14. Qe4 g6 15.
Bxd4 Nc5 16. Bxc5 Bxc5 17. Nb3 Qc7 18. Rad1 Bb6 19. c5 Ba7 20. Bxa6 Bb8 21. Bb5
Rd8 22. a4 Bd7 23. Qh4 Ba7 24. Qe7 Ng7 25. Rxd7 Rxd7 26. Qxd7 Rc8 27. Qxc7 Rxc7
28. Rd1 Nf5 29. Rd8+ Kg7 30. Rd7 Rc8 31. g4 Nh6 32. h3 Bxc5 33. Nxc5 Rxc5 34.
Rxb7 Rc3 35. Kg2 Ra3 36. Nd4 Rc3 37. Nxe6+ Kg8 38. Rb8+ 0-1

[Event "39th Olympiad Khanty-Mansiysk 2010"]
[Site "Khanty-Mansiysk/Russia"]
[Date "2010.09.21"]
[Round "1"]
[White "Ghaderpour, Shayesteh"]
[Black "Gameel, Amal"]
[Result "0-1"]
[WhiteElo "2206"]
[BlackElo "1784"]
[PlyCount "95"]
[EventDate "2010.??.??"]
[WhiteTeam "Iran"]
[BlackTeam "Yemen"]
[WhiteTeamCountry "IRI"]
[BlackTeamCountry "YEM"]
[TimeControl "40/5400+30:1800+30"]

1. e4 e5 2. Nf3 Nc6 3. Bb5 a6 4. Ba4 Nf6 5. O-O b5 6. Bb3 Be7 7. d4 exd4 8. e5
Ne4 9. Bd5 Nc5 10. Nxd4 Bb7 11. Bxc6 Bxc6 12. Qg4 Rg8 13. Nxc6 dxc6 14. Rd1 Qc8
15. Qf3 Qe6 16. Nc3 Rd8 17. Be3 Rxd1+ 18. Rxd1 Nd7 19. Bf4 g5 20. Bg3 Rg6 21.
Qe2 Bb4 22. Ne4 Be7 23. Nc3 a5 24. a4 b4 25. Nb1 Nc5 26. b3 f5 27. f3 Qc8 28.
Nd2 Ne6 29. Nc4 Bc5+ 30. Bf2 Nf4 31. Qd2 Bxf2+ 32. Kxf2 Nd5 33. Qd4 Qa6 34. Qc5
Re6 35. Qxa5 Qxa5 36. Nxa5 Rxe5 37. Nxc6 Re6 38. Rxd5 Rxc6 39. Rd2 Rc5 40. Ke2
h5 41. Kd1 Re5 42. Re2 Rxe2 43. Kxe2 c5 44. Kd3 Kd7 45. Kc4 Kc6 46. a5 g4 47.
h3 h4 48. a6 0-1

[Event "39th Olympiad Khanty-Mansiysk 2010"]
[Site "Khanty-Mansiysk/Russia"]
[Date "2010.09.21"]
[Round "1"]
[White "Fekadu, Desalegn Jimma"]
[Black "Arenas, David"]
[Result "0-1"]
[WhiteElo "2204"]
[BlackElo "2457"]
[PlyCount "154"]
[EventDate "2010.??.??"]
[WhiteTeam "Ethiopia"]
[BlackTeam "Colombia"]
[WhiteTeamCountry "ETH"]
[BlackTeamCountry "COL"]
[TimeControl "40/5400+30:1800+30"]

1. d4 Nf6 2. c4 g6 3. Nc3 Bg7 4. e4 d6 5. f3 O-O 6. Be3 c5 7. dxc5 dxc5 8. Qxd8
Rxd8 9. Bxc5 Nc6 10. Nge2 Nd7 11. Be3 Nb4 12. O-O-O b6 13. Nd5 Nxd5 14. cxd5
Ne5 15. Nd4 Bd7 16. Ba6 Rf8 17. h3 b5 18. Nxb5 Bc8 19. Bxc8 Rfxc8+ 20. Kb1 Nc4
21. Bd4 Rab8 22. a4 a6 23. Na7 Rxb2+ 24. Bxb2 Rb8 25. Kc2 Rxb2+ 26. Kd3 Ne5+
27. Kc3 Nc6+ 28. Kc4 Rc2+ 29. Kd3 Rc3+ 30. Ke2 Nxa7 31. Rc1 Rc8 32. Rxc8+ Nxc8
33. Rb1 Be5 34. Ke3 g5 35. Kd3 Kf8 36. Kc4 Ke8 37. Kc5 Kd7 38. Rb7+ Bc7 39. e5
Kd8 40. Kd4 f6 41. exf6 exf6 42. Rb1 Kd7 43. Re1 Nb6 44. Re6 Be5+ 45. Ke4 Nxa4
46. Kf5 Nc5 47. Rb6 Bc3 48. Rb8 a5 49. Rh8 a4 50. Rxh7+ Kc8 51. d6 Kb8 52. Rc7
Bd4 53. Rc6 a3 54. d7 Nxd7 55. Ra6 Bb2 56. g3 Kb7 57. Ra4 Nc5 58. Rxa3 Bxa3 59.
Kxf6 Bc1 60. h4 gxh4 61. gxh4 Kc6 62. h5 Kd6 63. Kg6 Ke6 64. h6 Nd7 65. Kg7
Bb2+ 66. Kg8 Nf6+ 67. Kg7 Nd5+ 68. Kg8 Ne7+ 69. Kf8 Ng6+ 70. Kg8 Ke7 71. h7 Ke8
72. h8=Q Bxh8 73. f4 Bf6 74. f5 Nf4 75. Kh7 Kf7 76. Kh6 Be7 77. Kh7 Bf8 0-1

[Event "39th Olympiad Khanty-Mansiysk 2010"]
[Site "Khanty-Mansiysk/Russia"]
[Date "2010.09.21"]
[Round "1"]
[White "Bajt, Indira"]
[Black "Fairley, Natasha"]
[Result "1/2-1/2"]
[WhiteElo "2204"]
[BlackElo "1777"]
[PlyCount "139"]
[EventDate "2010.??.??"]
[WhiteTeam "Slovenia"]
[BlackTeam "New Zealand"]
[WhiteTeamCountry "SLO"]
[BlackTeamCountry "NZL"]
[TimeControl "40/5400+30:1800+30"]

1. e4 e5 2. Nf3 Nc6 3. Nc3 Nf6 4. d4 d6 5. Bb5 exd4 6. Nxd4 Bd7 7. Bxc6 bxc6 8.
Qf3 c5 9. Nf5 Qc8 10. O-O Be6 11. Re1 Nd7 12. Bf4 g6 13. Nd5 Qd8 14. Qc3 f6 15.
Bg5 Kf7 16. Nf4 Ne5 17. Nh6+ Bxh6 18. Bxh6 Qd7 19. Nxe6 Qxe6 20. Bf4 Rhb8 21.
Bxe5 Qxe5 22. Qh3 h5 23. b3 Rb4 24. Qd7+ Qe7 25. Qxe7+ Kxe7 26. Rad1 Rd4 27.
Rxd4 cxd4 28. Kf1 g5 29. Ke2 Ke6 30. Kd3 Ke5 31. f3 Rb8 32. g3 c5 33. Rf1 Rg8
34. Rf2 Ke6 35. Kc4 Rb8 36. a3 a5 37. f4 g4 38. Re2 Rb7 39. Rd2 Rb8 40. Re2 Rb7
41. Re1 Rb8 42. Rh1 a4 43. bxa4 Ra8 44. Kb5 Rb8+ 45. Kc6 Ra8 46. Kb5 Rb8+ 47.
Kc4 Ra8 48. h3 Rxa4+ 49. Kb3 Ra8 50. hxg4 hxg4 51. Rh4 Rg8 52. Kc4 Ra8 53. Rh7
f5 54. Rh6+ Ke7 55. exf5 Rxa3 56. Re6+ Kf7 57. Kd5 Rxg3 58. Rxd6 Rc3 59. Rg6
Rxc2 60. Ke4 Rg2 61. Rc6 Re2+ 62. Kd3 Re3+ 63. Kd2 Rc3 64. Ke2 g3 65. Kf1 c4
66. Kg2 d3 67. Rd6 d2 68. Rxd2 Rd3 69. Re2 Kf6 70. Re5 1/2-1/2

[Event "39th Olympiad Khanty-Mansiysk 2010"]
[Site "Khanty-Mansiysk/Russia"]
[Date "2010.09.21"]
[Round "1"]
[White "Ovalle, Burgos Ramon"]
[Black "Mastrovasilis, Athanasios"]
[Result "0-1"]
[WhiteElo "2201"]
[BlackElo "2556"]
[PlyCount "62"]
[EventDate "2010.??.??"]
[WhiteTeam "Puerto Rico"]
[BlackTeam "Greece"]
[WhiteTeamCountry "PUR"]
[BlackTeamCountry "GRE"]
[TimeControl "40/5400+30:1800+30"]

1. d4 Nf6 2. c4 e6 3. Nf3 c5 4. d5 d6 5. Nc3 exd5 6. cxd5 g6 7. g3 Bg7 8. Bg2
O-O 9. O-O a6 10. a4 Re8 11. Nd2 Nbd7 12. Nc4 Ne5 13. Nxe5 Rxe5 14. a5 Re8 15.
Qa4 Bd7 16. Qb3 Qc7 17. Re1 Ng4 18. h3 Ne5 19. Bd2 f5 20. f4 c4 21. Qb4 Nf7 22.
Na4 Bxa4 23. Rxa4 Rac8 24. Bc3 Re3 25. Bxg7 Kxg7 26. Rc1 Qe7 27. Rxc4 Re8 28.
Rc2 Rxe2 29. Qd4+ Kh6 30. Rxe2 Qxe2 31. Bf1 Rh8 0-1

[Event "39th Olympiad Khanty-Mansiysk 2010"]
[Site "Khanty-Mansiysk/Russia"]
[Date "2010.09.21"]
[Round "1"]
[White "Klerides, Paris"]
[Black "Kvon, Andrey"]
[Result "1/2-1/2"]
[WhiteElo "2194"]
[BlackElo "2448"]
[PlyCount "81"]
[EventDate "2010.??.??"]
[WhiteTeam "Cyprus"]
[BlackTeam "Uzbekistan"]
[WhiteTeamCountry "CYP"]
[BlackTeamCountry "UZB"]
[TimeControl "40/5400+30:1800+30"]

1. e4 c5 2. Nf3 Nc6 3. d4 cxd4 4. Nxd4 Nf6 5. Nc3 d6 6. Bg5 e6 7. Qd2 a6 8.
O-O-O Bd7 9. f4 b5 10. Bxf6 gxf6 11. Kb1 Qb6 12. Nxc6 Bxc6 13. Qe1 Bb7 14. f5
Qc5 15. fxe6 fxe6 16. Bd3 O-O-O 17. Qh4 Qe5 18. Rhf1 Be7 19. Rde1 Rdg8 20. g3
Bd8 21. a4 Bc6 22. axb5 axb5 23. Qf4 Rg5 24. Ne2 Rhg8 25. Qxe5 Rxe5 26. Nd4 Bd7
27. c4 b4 28. b3 Be8 29. Nc2 Rg7 30. Kb2 Rb7 31. Ra1 Kd7 32. Ra4 Ke7 33. Rxb4
Rxb4 34. Nxb4 Rh5 35. h4 Bb6 36. Be2 Bd4+ 37. Kc2 Ra5 38. Kd3 Be5 39. g4 Ra8
40. Kc2 Rb8 41. Na2 1/2-1/2

[Event "39th Olympiad Khanty-Mansiysk 2010"]
[Site "Khanty-Mansiysk/Russia"]
[Date "2010.09.21"]
[Round "1"]
[White "Zuriel, Marisa"]
[Black "Al-Jelda, Fatemah"]
[Result "1/2-1/2"]
[WhiteElo "2193"]
[BlackElo "1822"]
[PlyCount "101"]
[EventDate "2010.??.??"]
[WhiteTeam "Argentina"]
[BlackTeam "Syria"]
[WhiteTeamCountry "ARG"]
[BlackTeamCountry "SYR"]
[TimeControl "40/5400+30:1800+30"]

1. e4 e6 2. d4 d5 3. Nc3 dxe4 4. Nxe4 Bd7 5. Nf3 Bc6 6. Bd3 Nf6 7. Ng3 Nbd7 8.
O-O Be7 9. b3 O-O 10. c4 Bxf3 11. Qxf3 c6 12. Bb2 Qb6 13. Bc2 a5 14. a3 Rad8
15. Rfe1 Rfe8 16. Rad1 Qc7 17. Bb1 Nb6 18. Nh5 Nbd7 19. Ng3 Nb6 20. h4 a4 21.
h5 axb3 22. Qxb3 Ra8 23. h6 g6 24. Rc1 Na4 25. Ba1 Nb6 26. Bb2 Na4 27. Ba1 Nb6
28. c5 Nbd5 29. Be4 Bf8 30. Rb1 Reb8 31. Qf3 Bxh6 32. Bxd5 Nxd5 33. Ne4 Qf4 34.
Qh3 Bf8 35. Rb3 b5 36. cxb6 Rxb6 37. Rf3 Qh6 38. Qg3 Be7 39. Nc5 Rab8 40. Nd7
Rb1 41. Qxb8+ Rxb8 42. Nxb8 Bd6 43. Nxc6 Qh2+ 44. Kf1 Nf4 45. Rxf4 Bxf4 46. Nb4
Qh1+ 47. Ke2 Qxg2 48. d5 exd5 49. Rd1 Qe4+ 50. Kf1 Qf3 51. Ke1 1/2-1/2

[Event "39th Olympiad Khanty-Mansiysk 2010"]
[Site "Khanty-Mansiysk/Russia"]
[Date "2010.09.21"]
[Round "1"]
[White "Bibasa, Bob"]
[Black "Buss, Ralph"]
[Result "1/2-1/2"]
[WhiteElo "2189"]
[BlackElo "2433"]
[PlyCount "88"]
[EventDate "2010.??.??"]
[WhiteTeam "Uganda"]
[BlackTeam "Switzerland"]
[WhiteTeamCountry "UGA"]
[BlackTeamCountry "SUI"]
[TimeControl "40/5400+30:1800+30"]

1. e4 c5 2. Nf3 d6 3. c3 Nf6 4. d3 g6 5. g3 Bg7 6. Bg2 O-O 7. O-O Nc6 8. h3 e5
9. Na3 h6 10. Nh2 Be6 11. f4 exf4 12. gxf4 Qd7 13. Qf3 Ne7 14. Nc4 d5 15. Ne3
d4 16. f5 dxe3 17. fxe6 fxe6 18. Bxe3 Nfd5 19. Qe2 Nxe3 20. Qxe3 b6 21. a3 Rad8
22. Rxf8+ Rxf8 23. Rf1 Rxf1+ 24. Bxf1 Nc6 25. Qg3 Kh7 26. Nf3 Qd8 27. h4 Ne7
28. Qf4 Ng8 29. Qf7 Qe7 30. Qxe7 Nxe7 31. d4 cxd4 32. cxd4 Nc6 33. e5 Kg8 34.
Bc4 Kf7 35. Kf2 Ne7 36. Ke3 Nf5+ 37. Ke4 Bf8 38. d5 exd5+ 39. Bxd5+ Ke8 40. Be6
Ng7 41. Bg4 Bc5 42. b4 Bf2 43. b5 Ke7 44. Kd5 Be3 1/2-1/2

[Event "39th Olympiad Khanty-Mansiysk 2010"]
[Site "Khanty-Mansiysk/Russia"]
[Date "2010.09.21"]
[Round "1"]
[White "Mossong, Hubert"]
[Black "Bartel, Mateusz"]
[Result "0-1"]
[WhiteElo "2184"]
[BlackElo "2599"]
[PlyCount "52"]
[EventDate "2010.??.??"]
[WhiteTeam "Luxembourg"]
[BlackTeam "Poland"]
[WhiteTeamCountry "LUX"]
[BlackTeamCountry "POL"]
[TimeControl "40/5400+30:1800+30"]

1. e4 c6 2. d4 d5 3. e5 Bf5 4. Nc3 e6 5. g4 Bg6 6. Nge2 c5 7. Be3 Nc6 8. dxc5
h5 9. Nd4 a6 10. Nxc6 bxc6 11. Bd3 Ne7 12. Bg5 Qb8 13. Bxe7 Bxe7 14. Bxg6 Qxb2
15. Bxf7+ Kxf7 16. Qf3+ Kg8 17. O-O Qxc2 18. Rac1 Qg6 19. Ne2 hxg4 20. Qg2 Rf8
21. Rc3 Rf5 22. Nd4 Rfh5 23. Nxc6 Bf8 24. f3 Rxh2 25. Qxg4 Qh6 26. f4 Rxa2 0-1

[Event "39th Olympiad Khanty-Mansiysk 2010"]
[Site "Khanty-Mansiysk/Russia"]
[Date "2010.09.21"]
[Round "1"]
[White "Pornariyasombat, Atippat"]
[Black "Jobava, Baadur"]
[Result "0-1"]
[WhiteElo "2181"]
[BlackElo "2710"]
[PlyCount "58"]
[EventDate "2010.??.??"]
[WhiteTeam "Thailand"]
[BlackTeam "Georgia"]
[WhiteTeamCountry "THA"]
[BlackTeamCountry "GEO"]
[TimeControl "40/5400+30:1800+30"]

1. c4 g6 2. g3 Bg7 3. Bg2 c5 4. Nc3 Nc6 5. Nf3 e5 6. d3 Nge7 7. h4 h6 8. a3 d6
9. Rb1 a5 10. Nd5 Be6 11. Nd2 O-O 12. h5 g5 13. f4 gxf4 14. gxf4 Kh8 15. e3
exf4 16. Nxf4 d5 17. b3 Rg8 18. Nf3 Qd6 19. Nh4 Bf6 20. Qe2 Rg4 21. Qf2 Ne5 22.
Bf1 Bxh4 23. Rxh4 Rxh4 24. cxd5 Rh2 25. Ng6+ fxg6 26. Qf6+ Kg8 27. Qxe6+ Qxe6
28. dxe6 Nf3+ 29. Kd1 Nd5 0-1

[Event "39th Olympiad Khanty-Mansiysk 2010"]
[Site "Khanty-Mansiysk/Russia"]
[Date "2010.09.21"]
[Round "1"]
[White "Van Weersel, Arlette"]
[Black "Sabure, Ontiretse"]
[Result "1-0"]
[WhiteElo "2174"]
[BlackElo "1729"]
[PlyCount "56"]
[EventDate "2010.??.??"]
[WhiteTeam "Netherlands"]
[BlackTeam "Botswana"]
[WhiteTeamCountry "NED"]
[BlackTeamCountry "BOT"]
[TimeControl "40/5400+30:1800+30"]

1. e4 c6 2. d4 d5 3. Nc3 e6 4. Be3 Nd7 5. Bd3 Ne7 6. Nge2 dxe4 7. Nxe4 Nd5 8.
O-O Be7 9. Bd2 O-O 10. c4 N5f6 11. N4g3 e5 12. Nf5 exd4 13. Nxe7+ Qxe7 14. Nxd4
Qd6 15. Bg5 g6 16. Be2 Ne5 17. c5 Qe7 18. Qc1 Ned7 19. Re1 Qe5 20. Nf3 Qc7 21.
b4 Nd5 22. Bc4 N7f6 23. Qb2 Qd8 24. Bxd5 Qxd5 25. Bxf6 Bg4 26. Re5 Qc4 27. Qd2
Bxf3 28. Qh6 Bg4 1-0

[Event "39th Olympiad Khanty-Mansiysk 2010"]
[Site "Khanty-Mansiysk/Russia"]
[Date "2010.09.21"]
[Round "1"]
[White "Gaealafshwe, Barileng"]
[Black "Dao, Thien Hai"]
[Result "*"]
[WhiteElo "2172"]
[BlackElo "2520"]
[PlyCount "33"]
[EventDate "2010.??.??"]
[WhiteTeam "Botswana"]
[BlackTeam "Vietnam"]
[WhiteTeamCountry "BOT"]
[BlackTeamCountry "VIE"]
[TimeControl "40/5400+30:1800+30"]

1. d4 d5 2. c4 e6 3. Nc3 Nf6 4. cxd5 exd5 5. Bg5 c6 6. Qc2 Be7 7. e3 O-O 8. Bd3
Nbd7 9. Nge2 Re8 10. O-O g6 11. Rab1 Nh5 12. Bxe7 Qxe7 13. b4 a6 14. Na4 Ng7
15. Nc5 Nf6 16. a4 Bf5 17. Nf4 *

[Event "39th Olympiad Khanty-Mansiysk 2010"]
[Site "Khanty-Mansiysk/Russia"]
[Date "2010.09.21"]
[Round "1"]
[White "Valerga, Diego"]
[Black "Nakamura, Ryuji"]
[Result "0-1"]
[WhiteElo "2172"]
[BlackElo "2520"]
[PlyCount "60"]
[EventDate "2010.??.??"]
[WhiteTeam "Botswana"]
[BlackTeam "Vietnam"]
[WhiteTeamCountry "BOT"]
[BlackTeamCountry "VIE"]
[TimeControl "40/5400+30:1800+30"]

1. Nf3 d5 2. d4 c6 3. c4 e6 4. Qc2 Nf6 5. g3 dxc4 6. Qxc4 b5 7. Qc2 Bb7 8. Bg2
Nbd7 9. O-O c5 10. dxc5 Bxc5 11. Bg5 Qb6 12. Bxf6 Nxf6 13. Nbd2 Rc8 14. Qb3 O-O
15. a4 bxa4 16. Qxa4 Bc6 17. Nc4 Bxa4 18. Nxb6 Bxb6 19. Rxa4 Rc2 20. e3 Rxb2
21. Ne5 Rc8 22. Nc6 Rc7 23. Rfa1 g6 24. h3 Nd5 25. Bxd5 exd5 26. Nxa7 Rcc2 27.
Rf4 d4 28. Re4 dxe3 29. Re8+ Kg7 30. fxe3 Bxa7 0-1

[Event "39th Olympiad Khanty-Mansiysk 2010"]
[Site "Khanty-Mansiysk/Russia"]
[Date "2010.09.21"]
[Round "1"]
[White "Cabralis, Keron"]
[Black "Kurajica, Bojan"]
[Result "0-1"]
[WhiteElo "2169"]
[BlackElo "2535"]
[PlyCount "106"]
[EventDate "2010.??.??"]
[WhiteTeam "Trinidad and Tobago"]
[BlackTeam "Bosnia  Herzegovina"]
[WhiteTeamCountry "TRI"]
[BlackTeamCountry "BIH"]
[TimeControl "40/5400+30:1800+30"]

1. e4 c5 2. Nf3 Nc6 3. d4 cxd4 4. Nxd4 Qb6 5. Nb3 Nf6 6. Nc3 e6 7. Be3 Qc7 8.
a3 a6 9. Be2 b5 10. O-O d6 11. f4 Be7 12. Bf3 O-O 13. Qe2 Rb8 14. a4 b4 15. Nd1
Na5 16. Nxa5 Qxa5 17. Nf2 Bb7 18. Bd2 Qc5 19. c3 bxc3 20. Bxc3 Rfc8 21. Rfd1 d5
22. Bd4 Qc4 23. e5 Qxe2 24. Bxe2 Nd7 25. a5 Rc6 26. Rdb1 Ba8 27. Rc1 Nc5 28.
Rab1 Nb3 29. Rxc6 Bxc6 30. Bb6 Bb4 31. Bxa6 Nxa5 32. Bc7 Ra8 33. Be2 Nc4 34.
Nd3 Bd2 35. h3 Be3+ 36. Kh2 Rc8 37. Bd6 Nxd6 38. exd6 Rd8 39. Kg3 Rxd6 40. Ne5
Bb7 41. b4 f6 42. Nd3 Rb6 43. b5 Kf7 44. Kf3 Bd4 45. Rc1 e5 46. Rc7+ Ke6 47.
fxe5 fxe5 48. Kg3 Kd6 49. Rf7 e4 50. Nc1 Be5+ 51. Kf2 d4 52. Bg4 Rxb5 53. Rd7+
Kc5 0-1

[Event "39th Olympiad Khanty-Mansiysk 2010"]
[Site "Khanty-Mansiysk/Russia"]
[Date "2010.09.21"]
[Round "1"]
[White "Lauterbach, Ingrid"]
[Black "Nakagawa, Emiko"]
[Result "1-0"]
[WhiteElo "2169"]
[BlackElo "1806"]
[PlyCount "133"]
[EventDate "2010.??.??"]
[WhiteTeam "England"]
[BlackTeam "Japan"]
[WhiteTeamCountry "ENG"]
[BlackTeamCountry "JPN"]
[TimeControl "40/5400+30:1800+30"]

1. Nf3 Nf6 2. g3 g6 3. Bg2 Bg7 4. O-O O-O 5. d3 d6 6. e4 c5 7. Nbd2 Nc6 8. c3
Bd7 9. d4 Qc8 10. Re1 Bh3 11. Bh1 Rb8 12. dxc5 dxc5 13. Qc2 Rd8 14. Nc4 h6 15.
Bf4 Ra8 16. Rad1 Qe6 17. Nfd2 Rd7 18. Be3 b6 19. f3 Rad8 20. b3 Ne5 21. Nxe5
Qxe5 22. Bf4 Qe6 23. Nc4 Rxd1 24. Rxd1 Rxd1+ 25. Qxd1 Qd7 26. Qxd7 Nxd7 27. Bd2
h5 28. f4 e5 29. Ne3 Bh6 30. Nd5 Kg7 31. c4 f6 32. Kf2 Nf8 33. Bc3 Nd7 34. Kf3
Bg4+ 35. Ke3 Bh3 36. Bf3 Kf7 37. Kf2 Be6 38. Bd2 Kg7 39. Nc7 Bf7 40. Bg2 Nb8
41. Bh3 Nc6 42. Nb5 Be8 43. Bc8 a5 44. Nc3 Nd4 45. Nd5 b5 46. Bxa5 bxc4 47.
bxc4 Bc6 48. fxe5 fxe5 49. Bc7 Kf7 50. Bxe5 Bf8 51. Bf4 Ne6 52. Be3 Bd6 53. Ba6
Be5 54. Bb5 Bb7 55. a4 Bb8 56. a5 Ba7 57. h4 Nd8 58. Bf4 Ne6 59. Be5 Bc8 60.
Ke2 Kf8 61. Bd6+ Kf7 62. Nb6 Bxb6 63. axb6 Bb7 64. Bd7 Ba6 65. Bc6 Nd8 66. Bd5+
Ke8 67. Bxc5 1-0

[Event "39th Olympiad Khanty-Mansiysk 2010"]
[Site "Khanty-Mansiysk/Russia"]
[Date "2010.09.21"]
[Round "1"]
[White "Sanchez, Jorge"]
[Black "Hamitevici, Vladimir"]
[Result "0-1"]
[WhiteElo "2163"]
[BlackElo "2415"]
[PlyCount "82"]
[EventDate "2010.??.??"]
[WhiteTeam "Panama"]
[BlackTeam "Moldova"]
[WhiteTeamCountry "PAN"]
[BlackTeamCountry "MDA"]
[TimeControl "40/5400+30:1800+30"]

1. e4 c6 2. d4 d5 3. exd5 cxd5 4. c4 Nf6 5. Nc3 g6 6. Qb3 Bg7 7. Nf3 O-O 8.
cxd5 Nbd7 9. Be2 Nb6 10. O-O Nfxd5 11. Ne4 Be6 12. Qd1 Nf6 13. Nc5 Bd5 14. h3
Ne4 15. Bf4 Nd7 16. Nd3 Qb6 17. Qa4 Ndf6 18. Rfc1 Rfc8 19. Nfe5 Nd6 20. Rc5
Nde4 21. Rcc1 Qd8 22. Nb4 Rxc1+ 23. Rxc1 Be6 24. d5 Nxd5 25. Rd1 Qb6 26. Nxd5
Qxf2+ 27. Kh1 Bxd5 28. Bf3 Nc5 29. Qa3 Bxf3 30. Nxf3 b6 31. Be3 Qxb2 32. Bxc5
bxc5 33. Qxc5 Bf6 34. Qc6 Rb8 35. Qc7 Qb6 36. Qd7 a5 37. Rd3 Qb1+ 38. Kh2 Qxa2
39. Qc7 Rf8 40. h4 h5 41. Rd7 Qe6 0-1

[Event "39th Olympiad Khanty-Mansiysk 2010"]
[Site "Khanty-Mansiysk/Russia"]
[Date "2010.09.21"]
[Round "1"]
[White "Shobaita, Talal"]
[Black "Sjugirov, Sanan"]
[Result "0-1"]
[WhiteElo "2160"]
[BlackElo "2627"]
[PlyCount "62"]
[EventDate "2010.??.??"]
[WhiteTeam "Palestine"]
[BlackTeam "RU4"]
[WhiteTeamCountry "PLE"]
[TimeControl "40/5400+30:1800+30"]

1. d4 d5 2. Nf3 Nf6 3. c4 e6 4. Nc3 c6 5. Bg5 h6 6. Bxf6 Qxf6 7. e3 g6 8. Bd3
Bg7 9. O-O O-O 10. Rc1 Nd7 11. cxd5 exd5 12. b4 Qd6 13. Qb3 Nb6 14. a4 Bg4 15.
Nd2 Be6 16. b5 Rfc8 17. a5 Nd7 18. bxc6 bxc6 19. Na4 Rab8 20. Qc3 Qb4 21. Qxb4
Rxb4 22. Nc5 Nxc5 23. dxc5 Ra4 24. a6 Ra3 25. Be2 Ra2 26. Rfd1 Rb8 27. Bf1 Rbb2
28. Nf3 Bf5 29. Nh4 Be4 30. f4 Ra3 31. Re1 Bc3 0-1

[Event "39th Olympiad Khanty-Mansiysk 2010"]
[Site "Khanty-Mansiysk/Russia"]
[Date "2010.09.21"]
[Round "1"]
[White "Tan, Khai Boon"]
[Black "Howell, David W L"]
[Result "0-1"]
[WhiteElo "2160"]
[BlackElo "2616"]
[PlyCount "72"]
[EventDate "2010.??.??"]
[WhiteTeam "Malaysia"]
[BlackTeam "England"]
[WhiteTeamCountry "MAS"]
[BlackTeamCountry "ENG"]
[TimeControl "40/5400+30:1800+30"]

1. d4 Nf6 2. c4 g6 3. Nc3 d5 4. cxd5 Nxd5 5. e4 Nxc3 6. bxc3 Bg7 7. Ba3 O-O 8.
Rc1 b6 9. Nf3 c5 10. Bc4 Nc6 11. Bd5 Qc7 12. O-O e6 13. Bc4 Bb7 14. Qe2 Rfd8
15. d5 Na5 16. dxe6 Nxc4 17. Qxc4 fxe6 18. Ng5 Re8 19. f4 h6 20. Nxe6 Qf7 21.
f5 Bc8 22. Bb2 Bxe6 23. fxe6 Qxe6 24. Qxe6+ Rxe6 25. Rcd1 Rxe4 26. Rd7 Rf8 27.
Rxf8+ Kxf8 28. Kf2 Re7 29. Rd6 Kf7 30. h3 h5 31. g4 hxg4 32. hxg4 Be5 33. Rd8
Ke6 34. Rg8 Rh7 35. Re8+ Kd6 36. Kg1 Rh4 0-1

[Event "39th Olympiad Khanty-Mansiysk 2010"]
[Site "Khanty-Mansiysk/Russia"]
[Date "2010.09.21"]
[Round "1"]
[White "Shamima, Akter Liza"]
[Black "Kosintseva, Nadezhda"]
[Result "0-1"]
[WhiteElo "2160"]
[BlackElo "2565"]
[PlyCount "82"]
[EventDate "2010.??.??"]
[WhiteTeam "Bangladesh"]
[BlackTeam "RU1"]
[WhiteTeamCountry "BAN"]
[TimeControl "40/5400+30:1800+30"]

1. d4 Nf6 2. c4 e6 3. Nc3 Bb4 4. Qc2 O-O 5. Bg5 c5 6. a3 Bxc3+ 7. bxc3 d5 8.
cxd5 exd5 9. e3 Nbd7 10. Bd3 Qa5 11. Ne2 c4 12. Bf5 Ne4 13. Bh4 Re8 14. f3 Nef6
15. Kf2 g6 16. Bh3 Qd8 17. Bg3 Nh5 18. Rhe1 Ndf6 19. Bxc8 Rxc8 20. Be5 Nd7 21.
Bg3 Rc6 22. Rab1 b6 23. Nf4 Nxf4 24. exf4 f5 25. Rxe8+ Qxe8 26. Re1 Re6 27.
Rxe6 Qxe6 28. Qa4 a5 29. Bh4 Nb8 30. Qb5 Qc6 31. Qb2 Kf7 32. Bd8 Nd7 33. Qe2
Qd6 34. a4 Nf8 35. Bh4 Ne6 36. Qe5 Qxe5 37. dxe5 b5 38. axb5 a4 39. b6 Nc5 40.
Ke2 a3 41. Bf2 Nb7 0-1

[Event "39th Olympiad Khanty-Mansiysk 2010"]
[Site "Khanty-Mansiysk/Russia"]
[Date "2010.09.21"]
[Round "1"]
[White "Ayyad, Maher"]
[Black "Solomon, Stephen J"]
[Result "0-1"]
[WhiteElo "2160"]
[BlackElo "2396"]
[PlyCount "68"]
[EventDate "2010.??.??"]
[WhiteTeam "BRN"]
[BlackTeam "Australia"]
[BlackTeamCountry "AUS"]
[TimeControl "40/5400+30:1800+30"]

1. d4 d5 2. Nf3 c6 3. Bf4 Nf6 4. e3 Bg4 5. Be2 e6 6. O-O Bd6 7. Ne5 Bxe2 8.
Qxe2 O-O 9. Nd2 Qc7 10. c4 c5 11. Bg3 cxd4 12. exd4 Nc6 13. Nxc6 Bxg3 14. hxg3
bxc6 15. Rac1 Qb6 16. Qd3 a5 17. b3 Rfe8 18. cxd5 cxd5 19. Rc2 a4 20. Rfc1 axb3
21. axb3 Qb4 22. f3 Reb8 23. Kf2 Ne8 24. Qc3 Qxc3 25. Rxc3 Nd6 26. g4 Nb5 27.
Rd3 Rc8 28. Rc5 Rxc5 29. dxc5 Ra2 30. Ke1 Ra1+ 31. Kf2 Kf8 32. b4 Ke7 33. Nb3
Rb1 34. Ke2 Rxb3 0-1

[Event "39th Olympiad Khanty-Mansiysk 2010"]
[Site "Khanty-Mansiysk/Russia"]
[Date "2010.09.21"]
[Round "1"]
[White "Mungroo, Franklin"]
[Black "Cicak, Slavko"]
[Result "0-1"]
[WhiteElo "2156"]
[BlackElo "2568"]
[PlyCount "98"]
[EventDate "2010.??.??"]
[WhiteTeam "Surinam"]
[BlackTeam "Sweden"]
[WhiteTeamCountry "SUR"]
[BlackTeamCountry "SWE"]
[TimeControl "40/5400+30:1800+30"]

1. e4 d5 2. exd5 Qxd5 3. Nc3 Qd6 4. Nf3 Bg4 5. Be2 c6 6. O-O Nf6 7. d3 Nbd7 8.
Ne4 Qc7 9. Bg5 e6 10. Bh4 Nxe4 11. dxe4 Bd6 12. Bg3 Bxg3 13. hxg3 Bxf3 14. gxf3
h5 15. Qd2 O-O-O 16. Qe3 h4 17. Kg2 Qb6 18. Qxb6 Nxb6 19. gxh4 Na4 20. b3 Rd2
21. Bd3 Nb2 22. Kg3 e5 23. Kg4 Rh6 24. Rab1 Nxd3 25. cxd3 Rxd3 26. f4 Rg6+ 27.
Kf5 Rf3 28. Kxe5 Re6+ 29. Kf5 Rf6+ 30. Ke5 R6xf4 31. Rb2 Rxh4 32. Re1 Rf6 33.
Rg1 Re6+ 34. Kd4 Rhxe4+ 35. Kd3 g6 36. Rh1 R4e5 37. a4 Rd6+ 38. Kc3 Rf5 39. Rh3
Rdf6 40. Rh2 a5 41. Re2 Kc7 42. Re7+ Kb6 43. Re2 Rf3+ 44. Kb2 Rd6 45. Ka2 g5
46. Rh5 Rd5 47. Rh7 g4 48. Rh4 Rf4 49. Kb2 Rd3 0-1

[Event "39th Olympiad Khanty-Mansiysk 2010"]
[Site "Khanty-Mansiysk/Russia"]
[Date "2010.09.21"]
[Round "1"]
[White "Ribbegren, Karl Johan"]
[Black "Ivanisevic, Ivan"]
[Result "0-1"]
[WhiteElo "2153"]
[BlackElo "2613"]
[PlyCount "56"]
[EventDate "2010.??.??"]
[WhiteTeam "Monaco"]
[BlackTeam "SRB"]
[WhiteTeamCountry "MNC"]
[TimeControl "40/5400+30:1800+30"]

1. d3 g6 2. g3 Bg7 3. Bg2 d5 4. Nf3 e5 5. O-O Nc6 6. e4 Nf6 7. Nc3 d4 8. Ne2
O-O 9. c3 dxc3 10. bxc3 b6 11. d4 Ba6 12. Re1 Nd7 13. Qa4 Na5 14. Ba3 c5 15.
Rad1 Qc7 16. Bh3 b5 17. Qc2 Nc4 18. Bc1 Bb7 19. Bxd7 Qxd7 20. Nxe5 Nxe5 21.
dxe5 Qe6 22. c4 Qxc4 23. Qxc4 bxc4 24. Ba3 Bxe4 25. Bxc5 Rfe8 26. Nc3 Bf3 27.
Rd7 Rxe5 28. Rxe5 Bxe5 0-1